 Dungeon Crawl Stone Soup version 0.31-a0-1611-g890cdf5628 (webtiles) character file.

Game seed: 2760200067792317125

3937 olourkin the Summoner (level 10, -1/45 HPs)
             Began as a Deep Elf Summoner on Jan 7, 2024.
             Was a Follower of Hepliaklqana.
             Shot with a sling bullet by Joseph (19 damage)
             ... on level 8 of the Dungeon on Jan 8, 2024.
             The game lasted 01:04:49 (12174 turns).

olourkin the Summoner (Deep Elf Summoner)          Turns: 12174, Time: 01:04:49

Health: -1/45      AC:  5    Str:  5    XL:     10   Next: 1%
Magic:  9/16       EV: 15    Int: 25    God:    Hepliaklqana [*.....]
Gold:   498        SH:  0    Dex: 15    Spells: 2/15 levels left

rFire   . . .        a - +6 short sword of Demonkind {chaos, rN++ rCorr}
rCold   + . .        F - orb {*channel}
rNeg    + + .        G - +2 robe {rC+}
rPois   .            (no helmet)
rElec   .            (no cloak)
rCorr   +            v - +0 pair of gloves
SInv    .            (no boots)
Will    +....        (no amulet)
Stlth   ++++         h - ring of wizardry
HPRegen 0.27/turn    y - ring of wizardry
MPRegen 0.15/turn

%: wizardry (x2), channel magic (20%)
@: inugami summoned
A: reduced essence
a: Renounce Religion, Recall Ancestor, Ancestor Identity


You were on level 8 of the Dungeon.
You worshipped Hepliaklqana.
Hepliaklqana was aware of your devotion.
You visited 2 branches of the dungeon, and saw 9 of its levels.
You also visited: Sewer.

You collected 498 gold pieces.

Inventory:

Hand Weapons
 a - the +6 short sword of Demonkind (weapon) {chaos, rN++ rCorr}
   (You found it on level 2 of the Dungeon)

   rN++:      It greatly protects you from negative energy.
   rCorr:     It protects you from acid and corrosion.
 g - a +1 heavy rapier
 r - the +1 dagger "Pyxisk" {holy, rF+ rC++ Dex-3}
   (You found it on level 2 of the Dungeon)

   Dex-3:     It affects your dexterity (-3).
   rF+:       It protects you from fire.
   rC++:      It greatly protects you from cold.
 s - a +0 short sword
 E - a +2 trident of draining
Missiles
 i - 104 stones
 n - 3 throwing nets
Armour
 v - a +0 pair of gloves (worn)
 A - a +0 buckler
 D - +0 steam dragon scales
 F - an orb of energy (worn)
 G - a +2 robe of cold resistance (worn)
Magical Staves
 b - a staff of conjuration
 t - a staff of alchemy
Jewellery
 h - a ring of wizardry (left hand)
 y - a ring of wizardry (right hand)
 H - an amulet of guardian spirit
Wands
 f - a wand of charming (17)
 J - a wand of iceblast (10)
Scrolls
 d - a scroll of fog
 k - 3 scrolls of enchant armour
 l - a scroll of teleportation
 m - a scroll of brand weapon
 I - 2 scrolls of identify
 K - 2 scrolls of blinking
Potions
 c - 5 potions of might
 e - a potion of enlightenment {unknown}
 j - 4 potions of magic
 o - 2 potions of ambrosia {unknown}
 p - 4 potions of curing
 q - 2 potions of lignification {unknown}
 u - a potion of cancellation {unknown}
 w - a potion of haste {unknown}
 x - a potion of brilliance {unknown}
 z - a potion of invisibility {unknown}
 B - a potion of resistance {unknown}
 C - 2 potions of attraction {unknown}


   Skills:
 - Level 6.0 Short Blades
 + Level 7.2 Dodging
 - Level 8.0 Stealth
 - Level 3.0 Spellcasting
 + Level 3.8 Conjurations
 * Level 11.3 Summonings


You had 2 spell levels left.
You knew the following spells:

 Your Spells              Type           Power      Damage    Failure   Level
a - Call Imp              Summ           100%       N/A       1%          2
c - Mephitic Cloud        Conj/Alch/Air  10%        N/A       11%         3
u - Summon Lightning Spi  Summ/Air       32%        N/A       7%          4
y - Call Canine Familiar  Summ           57%        N/A       1%          3
z - Summon Small Mammal   Summ           100%       N/A       1%          1

Your spell library contained the following spells:

 Spells                   Type           Power      Damage    Failure   Level
 Jinxbite                 Hex            6%         N/A       10%         2
 Summon Blazeheart Golem  Fire/Summ      32%        N/A       7%          4
 Dazzling Flash           Conj/Hex       26%        N/A       9%          3
 Curse of Agony           Necr           3%         N/A       67%         5
 Silence                  Hex/Air        1%         N/A       67%         5
 Yara's Violent Unravell  Hex/Alch       1%         3d3       67%         5
 Enfeeble                 Hex            1%         N/A       100%        7


Dungeon Overview and Level Annotations

Branches:
Dungeon (8/15)             Temple (1/1) D:7           Sewer (visited)
   Lair: D:8-11

Altars:
Ashenzari
Cheibriados
Dithmenos
Elyvilon
Fedhas
Gozag
Hepliaklqana
Kikubaaqudgha
Makhleb
Nemelex Xobeh
Okawaru
Qazlal
Ru
Sif Muna
Trog
Uskayaw
Vehumet
Wu Jian
Xom
Yredelemnul
Zin
The Shining One

Annotations:
D:6 3 runed translucent doors, Pooter's ghost, novice MiBe
D:8 Joseph


Message History

A tiny devil pulls itself out of the air.
Joseph shoots a sling bullet.
The sling bullet hits your inugami but does no damage.
Your inugami hits Joseph.
Casting: Call Imp (safe; 1% risk of failure)
Confirm with . or Enter, or press ? or * to list all spells.
Joseph shoots a sling bullet.
The sling bullet barely misses your inugami.
The sling bullet hits your cerulean imp!!
Your cerulean imp dies!
Your cerulean imp disappears in a puff of smoke!
Your inugami barely misses Joseph.
Casting: Summon Small Mammal (safe; 1% risk of failure)
Confirm with . or Enter, or press ? or * to list all spells.
A tiny devil pulls itself out of the air.
Magical energy flows into your mind!
Joseph unwields a +0 sling.
Joseph wields a +0 quarterstaff.
Joseph hits your inugami with a +0 quarterstaff.
Something hits your inugami!
Your quokka bites Joseph but does no damage.
Your cerulean imp hits Joseph but does no damage.
Your inugami hits Joseph.
Okay, then.
Casting: Call Imp (safe; 1% risk of failure)
Confirm with . or Enter, or press ? or * to list all spells.
Aiming: Mephitic Cloud (dangerous; 11% risk of failure)
Press: ? - help, Shift-Dir - straight line You can't see any item there.
Okay, then.
Casting: Mephitic Cloud (dangerous; 11% risk of failure)
Confirm with . or Enter, or press ? or * to list all spells.
An electric hum fills the air.
Your quokka closely misses Joseph.
Joseph unwields a +0 quarterstaff.
Joseph wields a +0 sling.
Joseph shoots a sling bullet.
The sling bullet hits your quokka!!
Your quokka dies!
Your quokka's corpse disappears in a puff of smoke!
Your cerulean imp barely misses Joseph.
Your inugami hits Joseph but does no damage.
Joseph shoots a sling bullet.
The sling bullet hits you!!
You die...

#....#.## #...##..##
#.##.#.# ##.#.###..#
#....#.# ##....####.#
#######...####...#[..##.#
.....#.....##...####.##.#
............#.#.# #....###
..............#.#######....
.......)............###..#.
........[[@..##.###..###.##
............ยง#..# ##.#
#.## ..........85h@.##
#.###..#
..............######...##.#
..................####.##.#
.....#.....#..###[####.##..
#######.####..###....#.####
#..# #....####...#### ##.##
#.##.## ##......


You could see Joseph (ally target), a friendly lightning spire (summoned), a
friendly cerulean imp (summoned) and a friendly inugami (summoned).

Vanquished Creatures
  Maggie (D:7)
  A human (D:8)
  Duvessa (D:7)
  A sky beast (D:7)
  A scorpion (D:7)
  A gnoll sergeant (D:7)
  2 wights (D:8)
  2 hounds
  An orc priest (D:6)
  A jelly (D:8)
  An adder (D:5)
  2 river rats
  2 white imps (D:6)
  3 ufetubi (D:6)
  2 orcs
  A ball python (D:1)
  An endoplasm (D:4)
  4 giant cockroaches
  A hobgoblin (D:3)
  3 jackals
  A kobold (D:1)
  3 quokkas (D:3)
  7 rats
43 creatures vanquished.

Vanquished Creatures (collateral kills)
  Jeremiah (D:7)
  Prince Ribbit (D:7)
  A human (D:8)
  A water moccasin (D:7)
  3 black bears
  An orc warrior (D:8)
  An ice beast (D:6)
  3 centaurs (D:7)
  2 phantoms
  2 brain worms (Sewer)
  A scorpion (D:6)
  A bullfrog (D:5)
  3 wights
  Dowan (D:7)
  3 howler monkeys
  A hound (D:6)
  2 jellies
  4 orc priests
  3 iguanas
  4 orc wizards
  12 adders
  4 gnolls (D:7)
  13 river rats
  A white imp (D:7)
  An ufetubus (D:6)
  4 dart slugs
  6 ribbon worms
  25 orcs
  8 endoplasms
  A goblin (D:2)
  4 hobgoblins
  8 jackals
  2 quokkas
  13 ball pythons
  6 bats
  9 frilled lizards
  5 kobolds
  18 rats
179 creatures vanquished.

Vanquished Creatures (others)
  An ancestor (D:8)
  A jackal zombie (D:5)
2 creatures vanquished.

Grand Total: 224 creatures vanquished

Notes
Turn   | Place    | Note
-------+----------+-------------------------------------------
     0 | D:1      | olourkin the Deep Elf Summoner began the quest for the Orb.
     0 | D:1      | Reached XP level 1. HP: 10/10 MP: 6/6
     0 | D:1      | Upgraded the game from 0.31-a0-1591-g515db51633 to
                  | 0.31-a0-1611-g890cdf5628
   314 | D:1      | Reached XP level 2. HP: 13/15 MP: 5/8
   564 | D:1      | Learned a level 2 spell: Call Imp
   870 | D:1      | Reached skill level 5 in Summonings
  1469 | D:1      | Reached XP level 3. HP: 19/19 MP: 9/9
  1720 | D:2      | Identified the +6 short sword of Demonkind {chaos, rN++
                  | rCorr}
  1775 | D:2      | Identified the +1 dagger "Pyxisk" {holy, rF+ rC++ Dex-3}
  2009 | D:2      | Found a snail-covered altar of Cheibriados.
  2482 | D:2      | Reached XP level 4. HP: 24/24 MP: 6/10
  2515 | D:2      | Learned a level 3 spell: Call Canine Familiar
  3358 | D:3      | Found a glowing drain.
  3389 | Sewer    | Entered a sewer
  3500 | Sewer    | Reached skill level 6 in Summonings
  3540 | Sewer    | Reached skill level 1 in Short Blades
  3540 | Sewer    | Reached XP level 5. HP: 28/28 MP: 6/11
  3909 | Sewer    | Reached skill level 5 in Stealth
  3909 | Sewer    | Reached XP level 6. HP: 26/32 MP: 2/12
  4554 | D:3      | Reached skill level 7 in Summonings
  4806 | D:3      | Found a faded altar of an unknown god.
  5848 | D:4      | Reached XP level 7. HP: 36/36 MP: 10/13
  6089 | D:5      | Entered Level 5 of the Dungeon
  6602 | D:5      | Reached skill level 8 in Summonings
  7093 | D:5      | Reached XP level 8. HP: 39/41 MP: 8/14
  8069 | D:6      | Reached skill level 9 in Summonings
  8123 | D:6      | Reached skill level 5 in Dodging
  8540 | D:6      | Found a runed translucent gate.
  8541 | D:6      | Found a runed translucent gate.
  8541 | D:6      | Noticed a kobold demonologist
  8542 | D:6      | Found a runed translucent gate.
  8542 | D:6      | Noticed Pooter's ghost (novice MiBe)
  9389 | D:7      | Learned a level 4 spell: Summon Lightning Spire
  9393 | D:7      | Learned a level 3 spell: Mephitic Cloud
  9549 | D:7      | Noticed Jeremiah
  9752 | D:7      | Reached XP level 9. HP: 22/45 MP: 8/15
  9905 | D:7      | Killed Jeremiah
  9906 | D:7      | Reached skill level 1 in Conjurations
  9906 | D:7      | Reached skill level 10 in Summonings
 10172 | D:7      | Reached skill level 5 in Short Blades
 10603 | D:7      | Noticed Maggie
 10621 | D:7      | Killed Maggie
 10714 | D:7      | Noticed Dowan
 10796 | D:7      | Found a staircase to the Ecumenical Temple.
 10801 | Temple   | Entered the Ecumenical Temple
 10808 | Temple   | Became a worshipper of Hepliaklqana the Forgotten
 10931 | D:7      | Noticed Duvessa
 10932 | D:7      | Killed Dowan
 10962 | D:7      | Killed Duvessa
 11193 | D:8      | Found an iron altar of Okawaru.
 11364 | D:8      | Noticed Prince Ribbit
 11498 | D:7      | Killed Prince Ribbit
 11499 | D:7      | Reached skill level 11 in Summonings
 11570 | D:8      | Noticed Joseph
 11858 | D:8      | Reached XP level 10. HP: 50/50 MP: 14/16
 12087 | D:8      | Reached * piety under Hepliaklqana
 12174 | D:8      | Shot with a sling bullet by Joseph

Illustrated notes

Levels and vault maps discovered:
D:1:      eino_arrival_water_star, layout_basic, amcnicky_mini_pool_small,
          minmay_misc_feat_x, nicolae_wormholes
D:2:      minmay_razor_zed, layout_basic, basic_altar
D:3:      layout_basic, dreamdust_ecumenical_altar_hidden_monk_grotto,
          gup_sewer_entry_bubbles
D:4:      layout_basic, nicolae_figureground_sparkle
D:5:      layout_basic
D:6:      layout_rooms, gammafunk_ghost_nasty_kobolds
D:7:      minmay_general_purpose_star, layout_cave_pools, temple_doors_cd,
          dk_rats_in_the_wall, uniq_duvessa, uniq_jeremiah, uniq_maggie
D:8:      layout_rooms, okawaru_humans, small_statue_intersection,
          uniq_prince_ribbit1, uniq_joseph
Temple:   compressed_dpeg_circular_temple

Skill      XL: |  1  2  3  4  5  6  7  8  9 |
---------------+----------------------------+-----
Stealth        | 3 4 5 6 7 8 |  8.0
Summonings     | 5 6 7 8 9 11 | 11.3
Short Blades   | 1 2 3 4 6 |  6.0
Dodging        | 3 4 5 7 |  7.2
Conjurations   | 3 |  3.8
Spellcasting   | |  3.0

Action                     |  1- 3 |  4- 6 |  7- 9 | 10-12 || total
---------------------------+-------+-------+-------+-------++-------
  Melee: Unarmed           |    12 |       |       |       ||    12
         Short sword       |    24 |    35 |    85 |     1 ||   145
         Punch             |       |       |     2 |       ||     2
   Cast: Summon Small Mamm |    73 |    22 |    69 |     3 ||   167
         Call Imp          |    20 |    26 |    68 |     4 ||   118
         Call Canine Famil |       |    24 |    44 |     1 ||    69
         Summon Lightning  |       |       |     2 |     1 ||     3
 Invoke: Ancestor Identity |       |       |       |     1 ||     1
    Use: Scroll            |       |    11 |     4 |       ||    15
         Potion            |       |       |     1 |       ||     1
   Stab: Distracted        |     1 |       |     2 |       ||     3
         Sleeping          |     1 |     1 |     1 |       ||     3
 Armour: Robe              |    30 |    12 |    61 |     3 ||   106
  Dodge: Dodged            |    48 |    25 |    69 |     1 ||   143

Table legend: (Time is in decaauts)
 A = Elapsed time spent in this place.
 B = Non-inter-level travel time spent in this place.
 C = Inter-level travel time spent in this place.
 D = Time resting spent in this place.
 E = Time spent auto-exploring this place.
 F = Levels seen in this place.
 G = Mean time per level.
                   A        B        C        D        E       F      G
               +--------+--------+--------+--------+--------+-----+--------+
         Total |  12225 |  11789 |    436 |   3696 |   4956 |  10 | 1222.5 |
       Dungeon |  11271 |  10847 |    424 |   3274 |   4637 |   8 | 1408.9 |
        Temple |     14 |      2 |     12 |      0 |      0 |   1 |   14.0 |
         Sewer |    938 |    938 |      0 |    422 |    318 |   1 |  938.0 |
               +--------+--------+--------+--------+--------+-----+--------+

Top non-repeatable levels by time:
     D:7: 2243 daAuts
     D:2: 1656 daAuts
     D:1: 1598 daAuts
     D:6: 1488 daAuts
     D:5: 1444 daAuts
     D:3: 1320 daAuts
   Sewer: 938 daAuts
     D:8: 879 daAuts
     D:4: 640 daAuts
  Temple: 14 daAuts
